Map: Costas tropicales

Players

MrFercho

  • Race: Terran Terran
  • Spawn Location: 12:00

tigro

  • Race: Terran Terran
  • Spawn Location: 0:00

llllllllll - Winner!

  • Race: Zerg Zerg
  • League: Silver
  • Spawn Location: 5:00

Mac - Winner!

  • Race: Terran Terran
  • Spawn Location: 6:00

TheVoice - Winner!

  • Race: Protoss Protoss
  • League: Platinum
  • Spawn Location: 5:00

VOD

Have the link to the VOD?

Description

Time

  • Played on: July 6, 2019, 11:10 p.m.
  • Length: 12:57
Show
View Real Time Build Order
Export as new Build Order

MrFercho Terran 

Build Orders:  

Get SALT Encoding   

  12  0:02  SCV  
  13  0:16  SCV  
  14  0:28  SCV  
  14  0:30  Supply Depot  
  15  0:45  Refinery  
  15  0:54  Barracks  
  15  0:58  SCV  
  16  1:11  SCV  
  17  1:23  SCV  
  18  1:34  Barracks  
  18  1:43  Supply Depot  
  18  1:45  Refinery  
  18  1:46  Marine  
  19  2:03  Marine  
  20  2:21  Marine  
  21  2:24  Engineering Bay  
  21  2:39  Marine  
  22  2:50  Barracks Tech Lab  
  22  2:51  Engineering Bay  
  22  2:53  Terran Infantry Armor Level 1  
  22  2:56  SCV  
  22  2:57  Marine  
  24  3:09  SCV  
  25  3:14  Marauder  
  27  3:21  SCV  
  28  3:33  SCV  
  29  3:36  Marauder  
  31  3:44  Factory  
  31  3:46  Factory  
  31  3:58  Supply Depot  
  31  4:11  Barracks Reactor  
  31  4:19  SCV  
  31  4:20  Marauder  
  34  4:32  Armory  
  34  4:34  Armory  
  34  4:42  Factory Tech Lab  
  34  4:48  Factory Tech Lab  
  34  5:22  Armory  
  33  5:43  Supply Depot  
  33  5:50  Thor  
  39  6:05  Supply Depot  
  39  6:12  Command Center  
  39  6:27  Supply Depot  
  39  6:46  Sensor Tower, Missile Turret  
  39  6:50  Supply Depot  
  41  6:54  Widow Mine  
  41  6:57  Widow Mine  
  43  7:05  SCV  
  44  7:09  Missile Turret  
  44  7:17  SCV  
  45  7:27  Sensor Tower  
  45  7:28  Terran Vehicle Weapons Level 1, Terran Vehicle And Ship Armor Level 1  
  45  7:29  Terran Ship Weapons Level 1  
  45  7:43  Orbital Command  
  45  7:47  SCV  
  46  7:59  SCV  
  47  8:11  SCV  
  48  8:23  SCV  
  49  8:36  SCV  
  30  9:25  Marauder  
  30  9:26  Marine x2  
  34  9:40  Missile Turret  
  34  9:41  Missile Turret  
  34  9:43  Marine  
  34  9:44  Marine  
  36  9:46  Marauder  
  36  9:49  Terran Vehicle Weapons Level 2, Terran Ship Weapons Level 2  
  36  9:50  Terran Vehicle And Ship Armor Level 2, Refinery  
  38  9:58  Siege Tank x2  
  42  10:01  Marine  
  32  10:07  Marauder  
  21  10:34  Missile Turret  
  17  12:00  Command Center  
  17  12:01  Refinery  
Show
View Real Time Build Order
Export as new Build Order

tigro Terran 

Build Orders:  

Get SALT Encoding   

  12  0:05  SCV  
  13  0:17  SCV  
  14  0:26  Supply Depot  
  14  0:30  SCV  
  15  0:40  Refinery  
  15  0:49  SCV, Refinery  
  16  1:12  Barracks  
  16  1:30  Barracks  
  16  1:31  SCV  
  18  2:01  Reaper  
  18  2:05  Engineering Bay  
  18  2:22  Barracks Tech Lab  
  18  2:33  Reaper  
  19  2:58  Factory  
  19  3:01  Marauder  
  19  3:04  Combat Shield  
  19  3:05  Marine  
  22  3:06  Command Center  
  22  3:23  Marine  
  23  3:41  Supply Depot  
  23  3:46  Barracks Tech Lab  
  23  3:52  Factory Tech Lab  
  23  3:56  Terran Infantry Armor Level 1  
  23  4:03  Reaper  
  24  4:12  Refinery  
  24  4:24  Concussive Shells  
  24  4:35  Reaper  
  25  4:51  Refinery  
  25  4:56  Planetary Fortress  
  25  5:07  Marine  
  26  5:25  Marine, Orbital Command  
  27  5:28  Stimpack  
  27  5:42  Marine  
  28  5:51  SCV  
  29  6:01  Marauder  
  29  6:03  SCV  
  32  6:22  Marauder  
  34  6:44  SCV  
  35  7:02  Missile Turret  
  35  7:17  Siege Tank  
  38  7:23  Armory  
  38  7:49  Siege Tank  
  41  8:22  Siege Tank  
  44  8:28  Starport  
  44  8:32  Terran Vehicle Weapons Level 1  
  44  9:02  Terran Infantry Armor Level 2  
  44  9:10  Missile Turret  
  44  9:23  Thor  
  32  9:33  Marauder  
  34  9:54  Marauder  
  36  10:15  Marauder  
  38  10:32  Marine  
  38  10:33  Missile Turret  
  39  10:36  Marine  
  37  10:49  Marine  
  35  10:54  Marine  
  37  11:01  Missile Turret  
  37  11:07  Marine  
  38  11:12  Marine  
  38  11:18  Hi-Sec Auto Tracking  
  39  11:33  Missile Turret  
  36  11:59  Missile Turret  
Show
View Real Time Build Order
Export as new Build Order

llllllllll Zerg - Winner!

Build Orders: 3 Hatch before Pool 

Get SALT Encoding   

  12  0:01  Drone  
  13  0:13  Overlord  
  13  0:18  Drone  
  14  0:33  Drone x2  
  16  0:36  Drone  
  17  0:47  Drone  
  18  1:00  Hatchery  
  17  1:19  Hatchery  
  17  1:22  Drone  
  17  1:24  Drone  
  18  1:36  Extractor  
  17  1:40  Spawning Pool  
  17  1:43  Drone  
  17  1:45  Drone  
  18  1:49  Drone  
  19  1:56  Drone  
  20  2:06  Drone  
  21  2:13  Drone  
  22  2:16  Drone  
  23  2:23  Drone  
  23  2:27  Drone  
  25  2:30  Queen x2  
  25  2:32  Drone  
  30  2:40  Queen  
  30  2:43  Drone  
  33  2:45  Drone  
  33  2:50  Overlord  
  34  2:56  Overlord  
  34  3:08  Drone x5  
  39  3:16  Lair  
  39  3:18  Drone x2  
  39  3:19  Drone  
  42  3:23  Pneumatized Carapace  
  42  3:27  Drone  
  42  3:31  Drone x3  
  46  3:34  Drone  
  46  3:35  Extractor x2  
  46  3:37  Extractor  
  46  3:38  Drone  
  46  3:39  Extractor  
  46  3:41  Drone  
  45  3:46  Drone  
  45  3:47  Drone x3  
  49  3:50  Overlord  
  49  3:54  Drone  
  50  3:56  Overlord  
  50  4:12  Evolution Chamber  
  50  4:13  Evolution Chamber  
  50  4:14  Roach Warren  
  50  4:15  Overseer  
  47  4:18  Drone x6  
  53  4:29  Drone x4  
  53  4:30  Drone x2  
  59  4:36  Extractor  
  58  4:42  Metabolic Boost  
  58  4:48  Drone x8  
  66  4:53  Overlord  
  66  4:54  Overlord  
  66  5:03  Zerg Ground Armor Level 1, Zerg Missile Weapons Level 1  
  66  5:05  Glial Reconstitution  
  66  5:09  Burrow  
  66  5:14  Roach  
  66  5:15  Roach x2  
  74  5:21  Roach x3  
  74  5:28  Overlord x2  
  78  5:30  Drone x4  
  78  5:33  Overlord  
  82  5:49  Drone x2  
  84  5:51  Overlord x6  
  84  5:55  Drone x3  
  87  6:18  Infestation Pit  
  86  6:21  Hydralisk Den  
  86  6:23  Drone, Spire  
  86  6:24  Drone x2  
  87  6:28  Roach  
  87  6:29  Roach x11  
  111  6:50  Baneling Nest  
  111  6:51  Grooved Spines  
  111  6:52  Tunneling Claws  
  111  6:53  Lurker Den  
  109  7:00  Pathogen Glands, Spire  
  109  7:01  Zerg Missile Weapons Level 2, Zerg Ground Armor Level 2  
  108  7:05  Overlord x3  
  108  7:17  Drone x11  
  119  7:27  Hive  
  119  7:33  Centrifical Hooks  
  119  7:36  Zerg Flyer Weapons Level 1  
  119  7:47  Extractor  
  119  7:49  Hatchery  
  117  7:53  Extractor  
  117  7:57  Neural Parasite  
  116  7:58  Extractor  
  116  8:00  Extractor  
  116  8:02  Extractor, Roach x3  
  116  8:03  Hatchery, Muscular Augments, Roach x8  
  116  8:04  Roach  
  116  8:05  Extractor  
  135  8:30  Hatchery  
  134  8:38  Ravager  
  134  8:39  Ravager x10  
  146  8:41  Drone x4  
  146  8:42  Drone x5  
  154  8:50  Spore Crawler  
  154  8:51  Spore Crawler  
  154  8:52  Spore Crawler  
  154  8:53  Spine Crawler x2, Spore Crawler x2  
  147  8:58  Spore Crawler  
  147  8:59  Spore Crawler  
  147  9:10  Hatchery  
  133  9:28  Ravager  
  133  9:29  Ravager x8  
  140  9:34  Drone x9  
  140  9:35  Drone x15  
  140  9:38  Ravager x3  
  167  9:40  Ravager  
  168  10:02  Drone x14  
  182  10:15  Spore Crawler x2  
  180  10:21  Overlord x3  
  180  10:22  Overlord x8  
  180  10:25  Spore Crawler  
  180  10:26  Spore Crawler  
  180  10:28  Spore Crawler  
  177  10:29  Spore Crawler  
  177  10:33  Adaptive Talons  
  177  10:35  Greater Spire x2  
  176  10:45  Drone  
  176  10:46  Drone x19  
  196  10:52  Adrenal Glands  
  196  11:12  Drone x2  
  198  11:22  Ultralisk Cavern  
  197  12:02  Spore Crawler x2  
  197  12:07  Spore Crawler  
  197  12:08  Spine Crawler  
  193  12:33  Spore Crawler  
  193  12:34  Spore Crawler  
Show
View Real Time Build Order
Export as new Build Order

Mac Terran - Winner!

Build Orders:  

Get SALT Encoding   

  12  0:04  SCV  
  13  0:15  Supply Depot  
  13  0:19  SCV  
  14  0:32  SCV  
  15  0:40  Barracks  
  15  0:44  SCV  
  15  0:48  Refinery  
  16  0:54  Refinery  
  16  0:58  SCV  
  17  1:36  Command Center  
  17  1:39  Barracks Reactor  
  17  1:50  SCV  
  18  2:02  SCV  
  19  2:14  SCV  
  19  2:15  Factory  
  20  2:16  Marine  
  20  2:17  Marine  
  22  2:27  Bunker  
  22  2:33  Bunker, SCV  
  23  2:47  SCV  
  24  2:52  Supply Depot  
  24  2:55  Supply Depot  
  24  2:59  Factory Tech Lab  
  24  3:02  SCV x2  
  26  3:23  Siege Tank  
  26  3:25  Marine  
  26  3:26  Engineering Bay  
  30  3:55  Starport  
  30  3:58  Orbital Command  
  30  3:59  Starport  
  30  4:01  Orbital Command  
  30  4:04  Marine  
  30  4:07  Marine  
  32  4:22  Missile Turret  
  32  4:29  Missile Turret  
  32  4:36  Starport Tech Lab  
  32  4:37  Starport Tech Lab  
  32  4:44  Fusion Core  
  32  4:56  Refinery  
  32  4:57  Refinery  
  32  5:02  Missile Turret  
  32  5:13  Marine x2  
  34  5:28  Siege Tank  
  37  5:36  SCV  
  37  5:40  SCV  
  39  5:44  Battlecruiser  
  39  5:48  SCV  
  46  5:52  SCV  
  47  6:00  SCV  
  48  6:04  SCV  
  48  6:11  Sensor Tower  
  49  6:12  SCV  
  49  6:16  SCV  
  51  6:33  Supply Depot  
  51  6:44  SCV x2  
  53  6:51  Sensor Tower  
  53  6:55  Supply Depot, Battlecruiser  
  53  6:56  SCV x2  
  61  7:09  Neosteel Armor  
  61  7:32  Sensor Tower  
  61  7:36  Battlecruiser  
  67  7:54  Armory  
  67  8:14  Weapon Refit  
  67  8:26  Battlecruiser  
  73  9:18  Battlecruiser  
  73  9:19  Sensor Tower  
  73  9:23  Terran Vehicle And Ship Armor Level 1  
  79  9:31  Armory  
  79  9:38  Missile Turret  
  79  10:12  Battlecruiser  
  85  11:16  Battlecruiser  
Show
View Real Time Build Order
Export as new Build Order

TheVoice Protoss - Winner!

Build Orders: 1 Gate Expand, Carriers, Carrier Rush 

Get SALT Encoding   

  1  0:00  Probe  
  13  0:07  Probe  
  14  0:24  Pylon, Probe  
  15  0:42  Gateway, Probe  
  16  0:54  Probe  
  17  1:08  Probe  
  18  1:15  Nexus  
  18  1:16  Probe  
  19  1:29  Cybernetics Core  
  19  1:34  Assimilator  
  19  1:40  Assimilator  
  19  1:41  Probe  
  20  1:48  Zealot  
  20  1:54  Probe  
  23  2:14  Pylon  
  23  2:23  Probe  
  23  2:24  Pylon  
  23  2:29  Probe  
  24  2:35  Probe  
  26  2:42  Stargate  
  26  2:47  Probe  
  26  2:48  Stalker  
  26  2:50  Probe  
  30  2:59  Probe  
  30  3:02  Probe  
  32  3:11  Probe  
  33  3:16  Stargate  
  33  3:19  Assimilator, Probe  
  33  3:20  Probe  
  33  3:23  Assimilator  
  35  3:31  Probe  
  35  3:32  Probe  
  37  3:50  Fleet Beacon  
  37  3:55  Probe  
  37  3:59  Probe  
  39  4:03  Probe  
  40  4:11  Probe  
  41  4:29  Carrier  
  41  4:30  Forge  
  41  4:31  Pylon  
  41  4:34  Nexus  
  41  4:37  Pylon  
  41  4:45  Probe  
  47  4:48  Probe  
  49  4:53  Probe  
  50  5:01  Probe  
  50  5:05  Carrier  
  55  5:33  Carrier  
  61  5:44  Probe x2  
  61  5:45  Probe  
  64  5:52  Photon Cannon x2  
  64  5:54  Photon Cannon  
  64  5:55  Shield Battery  
  64  5:56  Probe  
  65  6:02  Protoss Air Weapons Level 1  
  65  6:03  Protoss Shields Level 1  
  65  6:04  Stargate  
  65  6:13  Shield Battery  
  65  6:14  Pylon  
  65  6:19  Carrier  
  65  6:27  Cybernetics Core  
  71  6:33  Probe  
  71  6:35  Probe  
  71  6:36  Probe  
  74  6:43  Probe  
  74  6:44  Probe  
  74  6:52  Probe  
  76  6:55  Carrier  
  83  7:02  Protoss Air Armor Level 1  
  83  7:05  Anion Pulse-Crystals  
  83  7:14  Pylon  
  83  7:15  Pylon  
  83  7:20  Pylon  
  83  7:31  Carrier  
  83  7:36  Assimilator  
  89  7:39  Carrier  
  89  7:40  Assimilator  
  95  7:45  Pylon  
  95  7:59  Protoss Air Weapons Level 2  
  95  8:07  Pylon  
  95  8:08  Probe  
  95  8:09  Probe x2  
  98  8:15  Carrier  
  104  8:20  Probe  
  104  8:21  Probe x2  
  107  8:33  Probe  
  108  8:38  Twilight Council  
  108  8:40  Carrier  
  114  8:48  Photon Cannon  
  114  8:50  Carrier  
  120  8:59  Pylon  
  120  9:01  Pylon  
  120  9:03  Pylon  
  120  9:04  Pylon  
  120  9:09  Carrier  
  126  9:34  Carrier  
  126  9:42  Protoss Shields Level 2  
  132  9:46  Carrier  
  138  10:03  Protoss Air Armor Level 2  
  138  10:27  Carrier  
  144  10:41  Pylon  
  144  10:43  Nexus  
  144  10:44  Assimilator  
  144  10:47  Assimilator, Pylon  
  150  10:57  Carrier x2  
  156  11:21  Carrier  
Tags
 
Add a new tag
Caveats
  • Supply blocks, unpowered buildings, or Contaminate may cause inaccurate times.
  • Supply counts are checked every 10 seconds.